 Dungeon Crawl Stone Soup version 0.28.0-53-g5a82cb258f (webtiles) character file.

Game seed: 14374264958524394272

1770 Peloso the Carver (level 8, -12/71 HPs)
             Began as a Minotaur Fighter on June 15, 2022.
             Mangled by an orc
             ... wielding a +1 hand axe of electrocution
              (17 damage)
             ... on level 5 of the Dungeon.
             The game lasted 00:08:35 (6395 turns).

Peloso the Carver (Minotaur Fighter)                Turns: 6395, Time: 00:08:36

Health: -12/71     AC: 13    Str: 22    XL:     8   Next: 80%
Magic:  7/7        EV:  4    Int:  5    God:
Gold:   348        SH: 13    Dex: 11    Spells: 7/7 levels left

rFire   . . .      SeeInvis .   a - +0 long sword (vorpal)
rCold   . . .      Faith    .   c - +0 tower shield
rNeg    . . .      Spirit   .   l - +0 plate armour
rPois   .          Reflect  .   (helmet restricted)
rElec   .          Harm     .   (no cloak)
rCorr   .          Rampage  .   (no gloves)
Will    .....                   (no boots)
Stlth   ..........              (no amulet)
HPRegen 0.21/turn               (no ring)
MPRegen 0.10/turn               (no ring)

@: no status effects
A: horns 2, retaliatory headbutt
a: no special abilities


You were on level 5 of the Dungeon.
You visited 1 branch of the dungeon, and saw 6 of its levels.
You also visited: Sewer.

You collected 348 gold pieces.

Inventory:

Hand Weapons
 a - a +0 vorpal long sword (weapon)
Armour
 b - a +0 scale mail
 c - a +0 tower shield (worn)
 l - a +0 plate armour (worn)
Wands
 e - a wand of flame (20)
 h - a wand of polymorph (9)
 o - a wand of digging (4)
Scrolls
 g - 2 scrolls of amnesia
 i - 3 scrolls of identify
 m - a scroll of enchant armour {unknown}
 n - a scroll of immolation
Potions
 d - 2 potions of might
 f - 2 potions of mutation
 j - 2 potions of brilliance
 k - a potion of cancellation
 p - a potion of berserk rage


   Skills:
 + Level 6.3 Fighting
 + Level 9.3 Long Blades
 + Level 7.4 Armour
 + Level 2.8 Dodging
 + Level 0.3 Stealth
 + Level 5.9 Shields


You had 7 spell levels left.
You didn't know any spells.
Your spell library contained the following spells:

 Spells                   Type           Power      Damage    Failure   Level
 Tukima's Dance           Hex            0%         N/A       100%        3
 Passage of Golubria      Tloc           0%         N/A       100%        4
 Yara's Violent Unravell  Hex/Tmut       0%         3d3       100%        5


Dungeon Overview and Level Annotations

Branches:
Dungeon (6/15)              Sewer (visited)
 Temple: D:4-7

Altars:
Makhleb

Shops:
D:5 *

Annotations:
D:2 1 runed translucent door, Crazy Yiuf


Innate Abilities, Weirdness & Mutations

You have a pair of horns on your head.
You reflexively headbutt those who attack you in melee.


Message History

Beogh smites you!
The orc shouts!
You hit the phantom but do no damage. You headbutt the phantom.
The phantom is lightly damaged.
The ogre hits you with a +0 giant club!
You slash the phantom!
The phantom is heavily damaged.
You block the phantom's attack. The phantom hits you.
The phantom blinks!
You blink.
An ice beast, 2 orcs and an ogre come into view.
An orc is wielding a +1 hand axe of electrocution.
Found 9 gold pieces.
Found a stone staircase leading down.
Found 14 arrows.
The orc shouts! x2; The ogre shouts!
You hear a shout!
The orc priest casts a cantrip, but nothing happens.
An orc comes into view. It is wielding a +0 hand axe.
The orc hits you but does no damage.
You are electrocuted!!
* * * LOW HITPOINT WARNING * * *
The ice beast hits you but does no damage.
There is a stone staircase leading up here.
The ice beast hits you but does no damage.
You block the orc's attack.
You climb upwards.
There is a stone staircase leading down here.
You barely miss the orc. You block the ice beast's attack.
You block the orc's attack. The ice beast hits you.
* * * LOW HITPOINT WARNING * * *
The ice beast freezes you!
* * * LOW HITPOINT WARNING * * *
The orc hits you but does no damage.
Okay, then.
You barely miss the orc. Your headbutt misses the orc.
You block the ice beast's attack. You block the orc's attack.
You closely miss the orc. You headbutt the orc.
The orc is almost dead.
The ice beast hits you but does no damage.
The orc hits you with a +1 hand axe of electrocution.
* * * LOW HITPOINT WARNING * * *
You are electrocuted!
You die...

##....###.......#####
#.#### ####.#### #.
#.# #...######. #.#
#.#........ #.#
#...######. #.# ##.##
#. #.# #.#######.
#.#########........#
#.o@Y....[.########.
##########.#########
#..†.......
###########


You could see an ice beast and an orc.

Vanquished Creatures
  Grinder (D:4)
  Eustachio (D:5)
  A water moccasin (Sewer)
  A sky beast (D:5)
  2 necrophages (D:5)
  A phantom (D:4)
  A kobold brigand (D:4)
  A water moccasin zombie (D:5)
  A water moccasin skeleton (D:5)
  6 killer bees (D:4)
  5 hounds (D:5)
  An orc priest (D:3)
  Jessica (D:2)
  2 iguanas
  Terence (D:2)
  2 orc wizards (D:5)
  Robin (D:2)
  6 adders
  A river rat (D:6)
  An ufetubus (D:4)
  An adder skeleton (D:4)
  5 worms
  2 dart slugs
  15 orcs
  9 endoplasms
  2 giant cockroaches
  18 goblins
  5 hobgoblins
  5 quokkas
  7 ball pythons
  15 bats
  5 frilled lizards
  6 kobolds
  A rat (D:1)
133 creatures vanquished.

Notes
Turn   | Place    | Note
-------+----------+-------------------------------------------
     0 | D:1      | Peloso the Minotaur Fighter began the quest for the Orb.
     0 | D:1      | Reached XP level 1. HP: 19/19 MP: 0/0
   434 | D:1      | Reached XP level 2. HP: 22/27 MP: 1/1
  1383 | D:2      | Reached XP level 3. HP: 18/34 MP: 2/2
  1704 | D:2      | Noticed Robin
  1711 | D:2      | Reached skill level 3 in Long Blades
  1716 | D:2      | Killed Robin
  1717 | D:2      | Reached skill level 1 in Dodging
  1717 | D:2      | Reached XP level 4. HP: 31/41 MP: 3/3
  1868 | D:2      | Noticed Jessica
  1877 | D:2      | Killed Jessica
  1998 | D:2      | Noticed Terence
  2003 | D:2      | Killed Terence
  2115 | D:2      | Found a runed translucent door.
  2116 | D:2      | Noticed Crazy Yiuf
  2264 | D:2      | Reached XP level 5. HP: 47/47 MP: 4/4
  2568 | D:3      | Reached skill level 4 in Long Blades
  3462 | D:4      | Reached skill level 5 in Long Blades
  3469 | D:4      | Reached XP level 6. HP: 33/55 MP: 5/5
  3475 | D:4      | Reached skill level 6 in Long Blades
  3491 | D:4      | Reached skill level 5 in Armour
  4092 | D:4      | Reached skill level 5 in Fighting
  4092 | D:4      | Reached XP level 7. HP: 61/61 MP: 6/6
  4378 | D:4      | Found a burning altar of Makhleb.
  4380 | D:4      | Noticed a green death
  4454 | D:4      | Noticed Grinder
  4461 | D:4      | Paralysed by Grinder for 7 turns
  4470 | D:4      | Paralysed by Grinder for 5 turns
  4480 | D:4      | Paralysed by Grinder for 7 turns
  4491 | D:4      | Killed Grinder
  4492 | D:4      | Reached skill level 7 in Long Blades
  4900 | D:5      | Entered Level 5 of the Dungeon
  4944 | D:5      | Found Duygauloih's General Store.
  4954 | D:5      | Reached XP level 8. HP: 64/70 MP: 7/7
  5037 | D:5      | Identified the +3 leather armour of Elyvilon {Int+7 Dex-4}
  5123 | D:5      | Reached skill level 5 in Shields
  5133 | D:5      | Reached skill level 8 in Long Blades
  5147 | D:5      | Noticed Eustachio
  5224 | D:5      | Killed Eustachio
  5560 | D:5      | Reached skill level 9 in Long Blades
  6028 | D:6      | Found a glowing drain.
  6037 | Sewer    | Entered a sewer
  6395 | D:5      | Mangled by an orc

Illustrated notes

Levels and vault maps discovered:
D:1:      psy_arrival_statuary, layout_loops_corners
D:2:      layout_loops_ring, uniq_crazy_yiuf_cottage, uniq_jessica, uniq_robin,
          uniq_terence
D:3:      layout_loops_ring
D:4:      layout_loops_corners, makhleb_altar_promises_db, grunt_ministairs_11,
          solitary_fountain, uniq_grinder
D:5:      layout_loops_ring, serial_shops, shop, kennysheep_boxes,
          uniq_eustachio
D:6:      cheibrodos_barr_body, layout_rooms, minmay_temple_entry_mini_moons,
          lightli_sewer_entry_pipes, gammafunk_ghost_grave, serial_bayou_pond_d,
          nicolae_concentric_dashed_squares_wild, minmay_bent

Skill      XL: |  1  2  3  4  5  6  7  8 |
---------------+-------------------------+-----
Fighting       | 4 5 6 |  6.3
Shields        | 4 5 |  5.9
Long Blades    | 3 5 6 7 9 |  9.3
Armour         | 4 5 6 7 |  7.4
Dodging        | 1 2 |  2.8
Stealth        | |  0.3

Action                   |  1- 3 |  4- 6 |  7- 9 || total
-------------------------+-------+-------+-------++-------
Melee: Long sword        |    76 |   109 |   197 ||   382
       Headbutt          |     4 |    16 |    28 ||    48
  Use: Scroll            |     4 |     2 |     3 ||     9
       Potion            |       |     2 |       ||     2
Armor: Scale mail        |    47 |    19 |       ||    66
       Plate armour      |       |    42 |   131 ||   173
Dodge: Dodged            |    35 |    45 |    40 ||   120
Block: Buckler           |    18 |    30 |    29 ||    77
       Tower shield      |       |       |    75 ||    75
